 Dungeon Crawl Stone Soup version 0.30-a0-715-gdb4ae3ece1 (webtiles) character file.

Game seed: 7162353811598911455

53 wormed the Insei (level 3, 0/26 HPs)
             Began as an Octopode Chaos Knight on Jan 23, 2023.
             Was a Plaything of Xom.
             Succumbed to Robin's poison
             ... on level 2 of the Dungeon.
             The game lasted 00:02:16 (1136 turns).

wormed the Insei (Octopode Chaos Knight)            Turns: 1136, Time: 00:02:16

Health: 0/26       AC:  1    Str: 10    XL:     3   Next: 87%
Magic:  3/3        EV: 13    Int: 20    God:    Xom [.*....]
Gold:   697        SH:  0    Dex: 10    Spells: 2/2 levels left

rFire   + . .      SeeInvis .      - Unarmed
rCold   + . .      Faith    .    (no shield)
rNeg    . . .      Spirit   .    (helmet restricted)
rPois   +          Reflect  .    (no amulet)
rElec   +          Harm     .    (no ring)
rCorr   +          Rampage  .    (no ring)
Will    .....                    (no ring)
Stlth   ++                       (no ring)
HPRegen 0.24/turn                (no ring)
MPRegen 0.08/turn                (no ring)
                                 (no ring)
                                 (no ring)

@: lethally poisoned (0 -> -6), resistant, studying Transmutations
A: almost no armour, amphibious, 8 rings, camouflage 1, gelatinous body 1,
(nimble swimmer 1), tentacles, clever 1, mutation resistance 1
a: Renounce Religion


You were on level 2 of the Dungeon.
You worshipped Xom.
You were a plaything of Xom.
You visited 1 branch of the dungeon, and saw 2 of its levels.

You collected 1217 gold pieces.
You spent 520 gold pieces at shops.

Inventory:

Scrolls
 c - a scroll of teleportation {unknown}
 f - a scroll of noise {unknown}
 h - a scroll of enchant weapon {unknown}
Potions
 b - a potion of curing {unknown}
 d - a potion of mutation {unknown}
 e - a potion of resistance
 g - a potion of magic {unknown}
 i - a potion of might {unknown}
Miscellaneous
 a - a piece from Xom's chessboard (14/15) (quivered)


   Skills:
 + Level 3.6 Fighting
 + Level 3.1 Dodging
 + Level 3.6 Unarmed Combat


You had 2 spell levels left.
You didn't know any spells.
Your spell library was empty.

Dungeon Overview and Level Annotations

Branches:
Dungeon (2/15)

Altars:

Shops:
D:1 ?   D:2 [

Annotations:
D:2 Robin


Innate Abilities, Weirdness & Mutations

You cannot wear most types of armour.
You are amphibious.
You can wear up to eight rings at the same time.
Your skin changes colour to match your surroundings (Stealth+).
Your rubbery body absorbs attacks. (AC +1, EV +1)
((You are camouflaged when in or above water. (Stealth+)))
You have tentacles for arms and can constrict up to eight enemies at once.
Your mind is acute. (Int +4, Str/Dex -1)
You are somewhat resistant to further mutation.


Message History

Robin roars a battlecry!
You hear a shout! x2
You tentacle-slap the hobgoblin but do no damage.
Your grab misses the hobgoblin.
The hobgoblin is lightly wounded.
You hear a shout! x2
The hobgoblin hits you.
You barely miss the hobgoblin. Your grab misses the hobgoblin.
Your squeeze misses the hobgoblin.
The hobgoblin is lightly wounded.
The hobgoblin hits you.
You tentacle-slap the hobgoblin. You grab the hobgoblin.
The hobgoblin is almost dead.
You constrict the hobgoblin.
You kill the hobgoblin!
You barely miss the hobgoblin. You grab the hobgoblin.
You squeeze the hobgoblin.
The hobgoblin is heavily wounded.
You constrict the hobgoblin, but do no damage.
A goblin comes into view. It is wielding a +0 club.
The hobgoblin hits you.
Robin hits you from afar with a +2 spear of venom.
You are lethally poisoned!
You completely miss the hobgoblin. You squeeze the hobgoblin.
You kill the hobgoblin!
You feel very sick.
Robin hits you from afar with a +2 spear of venom.
* * * LOW HITPOINT WARNING * * *
You make a move on Xom's chessboard...
The goblin struggles to resist.
* * * LOW HITPOINT WARNING * * *
You feel sick.
A hobgoblin comes into view.
A goblin comes into view. It is wielding a +0 dagger.
Robin throws the goblin at you!
* * * LOW HITPOINT WARNING * * *
It was a potion of resistance.
You feel protected.
Xom roars with laughter!
You die...
Xom howls with laughter!

### ..# #.# #.# #.#
######### ######### #.#
#........
.......w####†######........
.......gg)@g......+.......)
........####.######........
....gg..# #.......+........
............#.#...#........
....g...?.###.###.....#...#
.......... #.. #####......
.....g.... .... #####..
.###.g....# .... #.. ...
...... ###


You could see a worm, Robin, 2 hobgoblins and 2 goblins.

Vanquished Creatures
  An adder (D:2)
  2 dart slugs (D:2)
  3 ball pythons (D:1)
  2 bats (D:1)
  5 endoplasms
  A giant cockroach (D:1)
  3 goblins
  6 hobgoblins
  2 quokkas
  3 kobolds
  4 rats
32 creatures vanquished.

Vanquished Creatures (collateral kills)
  A bat (D:1)
  An endoplasm (D:1)
  A giant cockroach (D:1)
3 creatures vanquished.

Grand Total: 35 creatures vanquished

Notes
Turn   | Place    | Note
-------+----------+-------------------------------------------
     0 | D:1      | wormed the Octopode Chaos Knight began the quest for the
                  | Orb.
     0 | D:1      | Reached XP level 1. HP: 16/16 MP: 1/1
   155 | D:1      | Reached XP level 2. HP: 21/21 MP: 2/2
   174 | D:1      | Found Mypsoig's Magic Scroll Boutique.
   321 | D:1      | XOM: summons 2 friendly demons
   366 | D:1      | Reached XP level 3. HP: 9/26 MP: 3/3
   434 | D:1      | XOM: cloud trail
   523 | D:1      | XOM: scenery: 1 doors open
   599 | D:1      | XOM: give mutations
   599 | D:1      | Gained mutation: You are somewhat resistant to further
                  | mutation. [Xom's grace]
   599 | D:1      | Gained mutation: Your mind is acute. (Int +4, Str/Dex -1)
                  | [Xom's grace]
   662 | D:1      | XOM: scenery: summon butterflies
   676 | D:1      | Identified a scroll of acquirement
   676 | D:1      | Acquired 1183 gold pieces
   678 | D:1      | XOM: divination: detect items
   693 | D:1      | Bought a scroll of acquirement for 520 gold pieces
   693 | D:1      | Acquired a manual of Transmutations
  1025 | D:2      | Found Quaheb's Armour Shop.
  1120 | D:2      | Noticed Robin
  1120 | D:2      | XOM: 4-stop teleportation journey
  1135 | D:2      | HP: 1/26 [Robin/goblin (1)]
  1136 | D:2      | Succumbed to Robin's poison

Illustrated notes

Levels and vault maps discovered:
D:1:      spicycebolla_green_bress_n_ham_2, layout_basic, serial_shops,
          nicolae_shop_hallway_plus, chequers_serial_rivers_small_3,
          minmay_heptomino_w4
D:2:      minmay_skewed_foursquare, layout_basic, serial_shops,
          nicolae_shop_hallway_stairs, kennysheep_generic_room_11, uniq_natasha,
          uniq_robin

Skill      XL: |  1  2  3 |
---------------+----------+-----
Dodging        | 3 |  3.1
Fighting       | |  3.6
Unarmed Combat | |  3.6

Action                     || total
---------------------------++-------
  Melee: Unarmed           ||    76
         Constrict         ||    20
         Tentacles         ||    16
         Punch             ||     3
  Evoke: Piece from Xom's  ||     1
    Use: Scroll            ||     4
         Potion            ||     1
   Stab: Sleeping          ||     3
 Armour: Skin              ||     6
  Dodge: Dodged            ||    34

Table legend: (Time is in decaauts)
 A = Elapsed time spent in this place.
 B = Non-inter-level travel time spent in this place.
 C = Inter-level travel time spent in this place.
 D = Time resting spent in this place.
 E = Time spent auto-exploring this place.
 F = Levels seen in this place.
 G = Mean time per level.
                   A        B        C        D        E       F      G
               +--------+--------+--------+--------+--------+-----+--------+
         Total |   1130 |   1094 |     36 |    244 |    604 |   2 |  565.0 |
       Dungeon |   1130 |   1094 |     36 |    244 |    604 |   2 |  565.0 |
               +--------+--------+--------+--------+--------+-----+--------+

Top non-repeatable levels by time:
     D:1: 954 daAuts
     D:2: 176 daAuts
